 Dungeon Crawl Stone Soup version 0.17-a0-2108-g65e8068 (webtiles) character file.

6825 Eptagon the Jinx (level 11, -13/47 HPs)
             Began as a Vine Stalker Enchanter on Oct 19, 2015.
             Was a High Priest of Okawaru.
             Killed from afar by a deep elf knight (16 damage)
             ... with a spray of energy
             ... on level 10 of the Dungeon.
             The game lasted 00:24:51 (7635 turns).

Eptagon the Jinx (Vine Stalker Enchanter)           Turns: 7635, Time: 00:24:51

Health: -13/47     AC:  9    Str: 14    XL:     11   Next: 5%
Magic:  0/23       EV: 12    Int: 22    God:    Okawaru [*****.]
Gold:   419        SH:  0    Dex: 16    Spells: 7 memorised, 6 levels left

rFire  . . .     SeeInvis .     a - +1 dagger
rCold  . . .     Clarity  .     b - +1 robe
rNeg   . . .     SustAt   .     (no shield)
rPois  +         Gourm    .     F - +0 helmet
rElec  .         Spirit   +     L - +2 cloak {rPois}
rCorr  .         Warding  .     z - +1 pair of gloves
rMut   .         Stasis   .     D - -1 pair of boots
MR     +....                    (no amulet)
Stlth  +++++.....               x - +3 ring of strength
                                v - +5 ring of intelligence

@: somewhat resistant to hostile enchantments, quite stealthy
A: fangs 3, regeneration 2, magic shield, antimagic bite, no device heal 3, rot
immunity
a: Heroism, Finesse, Renounce Religion


You were on level 10 of the Dungeon.
You worshipped Okawaru.
Okawaru was extremely pleased with you.
You were not hungry.

You visited 1 branch of the dungeon, and saw 10 of its levels.

You collected 419 gold pieces.

Inventory:

Hand Weapons
 a - a +1 dagger (weapon)
Missiles
 i - 5 needles of sleeping
 m - 2 needles of confusion
 o - 33 poisoned needles
Armour
 b - a +1 robe (worn)
 z - a +1 pair of gloves (worn)
 D - a -1 pair of boots (worn)
 F - a +0 helmet (worn)
 L - a +2 cloak of poison resistance (worn)
Jewellery
 v - a +5 ring of intelligence (left hand)
 x - a +3 ring of strength (right hand)
Wands
 B - a wand of enslavement (7)
 E - a wand of slowing (27)
 I - a wand of fireball (1)
Scrolls
 c - a scroll of fog {unknown}
 e - 7 scrolls of remove curse
 g - 2 scrolls of teleportation {unknown}
 h - a scroll of noise {unknown}
 j - 3 scrolls of amnesia {unknown}
 k - 2 scrolls of recharging
 l - 2 scrolls of enchant armour {unknown}
 q - a scroll of random uselessness {unknown}
 s - 3 scrolls of fear {unknown}
 J - a scroll of immolation {unknown}
Potions
 f - 7 potions of curing
 n - 3 potions of flight
 t - 2 potions of haste
 u - a potion of ambrosia
 C - a potion of agility {unknown}
 G - a potion of brilliance
 H - a potion of cure mutation
Books
 y - a book of the Earth

   Spells                             Type                      Level
   a - Leda's Liquefaction            Hexes/Earth                  4
   b - Bolt of Magma                  Conjuration/Fire/Earth       5
   c - Statue Form                    Transmutation/Earth          6
   d - Iron Shot                      Conjuration/Earth            6
   e - Shatter                        Earth                        9
Comestibles
 d - 8 bread rations
 p - 3 meat rations
 r - a slice of pizza
 A - 2 royal jellies
 K - a chunk of flesh


   Skills:
 + Level 6.4 Short Blades
 - Level 1.5 Dodging
 + Level 10.4 Stealth
 + Level 7.6 Spellcasting
 * Level 11.1 Hexes


You had 6 spell levels left.
You knew the following spells:

 Your Spells              Type           Power        Failure   Level  Hunger
a - Corona                Hex            ######.      1%          1    None
b - Ensorcelled Hibernat  Hex/Ice        ####..       1%          2    None
c - Confuse               Hex            ######..     1%          3    None
d - Tukima's Dance        Hex            ######..     1%          3    None
e - Dazzling Spray        Conj/Hex       ####....     2%          3    None
f - Stoneskin             Trmt/Erth      #.......     14%         2    None
g - Lee's Rapid Deconstr  Erth           #.........   99%         5    #####..


Dungeon Overview and Level Annotations

Branches:
Dungeon (10/15)            Temple (0/1) D:5            Lair (0/8) D:9
    Orc: D:9-12

Altars:
Ashenzari
Cheibriados
Elyvilon
Fedhas
Kikubaaqudgha
Nemelex Xobeh
Okawaru
Sif Muna
Trog
Xom
Yredelemnul
The Shining One

Shops:
D:4 %

Annotations:
D:10 Eustachio


Innate Abilities, Weirdness & Mutations

You have razor-sharp teeth.
You heal very quickly.
When hurt, damage is shared between your health and your magic reserves.
Your bite disrupts and absorbs the magic of your enemies.
Potions and wands cannot restore your health.
You are immune to rotting.


Message History

The spray of energy hits your long sword.
Your long sword falls from the air.
You hit the deep elf knight.
The deep elf knight is lightly wounded.
The deep elf knight closely misses you.
You hit the deep elf knight.
The deep elf knight is lightly wounded.
The deep elf knight hits you.
You hit the deep elf knight.
The deep elf knight is lightly wounded.
The deep elf knight hits you. The deep elf knight hits you.
The deep elf knight gestures at you while chanting.
The shard of ice hits you!
Ouch! That really hurt!
* * * LOW HITPOINT WARNING * * *
You hear some strange, mumbled words.
A spray of energy appears from out of thin air!
The spray of energy hits you!
You die...

...... ...... #+####+###
#......... #.........
##########.........
######..................
#........e..).[)........
#......@##########......
####....#........#......
#....#.[......#......
####....#........#......
#.......###'######......
#...<...................
#.................######
#....############.#
#....# #.#


You could see a deep elf knight.

Vanquished Creatures
  Erolcha (D:8)
  The ghost of Burgietje the Fighter, a novice MiFi of Okawaru (D:10)
  Pikel (D:7)
  An orc knight (D:10)
  A manticore (D:10)
  Joseph (D:8)
  2 centaur skeletons
  Grinder (D:5)
  A hungry ghost (D:8)
  A hippogriff (D:9)
  2 sky beasts
  4 slaves (D:7)
  A necrophage (D:5)
  2 ogres (D:4)
  5 centaurs
  A water moccasin zombie (D:6)
  6 giant frogs
  A scorpion (D:7)
  6 killer bees (D:9)
  A wyvern skeleton (D:8)
  6 crimson imps
  2 orc priests
  3 giant frog zombies
  2 jellies
  2 hounds
  3 iguanas
  7 orc wizards
  7 worker ants
  A hound skeleton (D:7)
  5 gnolls
  3 river rats (D:9)
  A shadow imp (D:5)
  8 adders
  3 oozes
  2 adder zombies
  An adder skeleton (D:7)
  2 worms
  10 giant geckos
  20 orcs
  2 ball pythons
  10 hobgoblins
  4 kobolds
  4 quokkas
  12 bats
  8 giant cockroaches
  4 giant newts
  2 goblins (D:2)
  7 jackals
  A jackal zombie (D:5)
  A quokka zombie (D:6)
  5 rats
188 creatures vanquished.

Vanquished Creatures (collateral kills)
  Duvessa (D:5)
  3 ogres
  A gnoll sergeant (D:8)
  Dowan (D:5)
  4 gnolls (D:8)
10 creatures vanquished.

Vanquished Creatures (others)
  2 dancing weapons (D:10)
  4 fungi (D:9)
6 creatures vanquished.

Grand Total: 204 creatures vanquished

Notes
Turn   | Place    | Note
--------------------------------------------------------------
     0 | D:1      | Eptagon the Vine Stalker Enchanter began the quest for the Orb.
     0 | D:1      | Reached XP level 1. HP: 9/9 MP: 4/4
   332 | D:1      | Reached XP level 2. HP: 13/13 MP: 6/6
   508 | D:1      | Learned a level 2 spell: Ensorcelled Hibernation
   847 | D:2      | Reached skill level 4 in Stealth
   847 | D:2      | Reached XP level 3. HP: 16/16 MP: 7/7
  1055 | D:2      | Reached XP level 4. HP: 14/21 MP: 5/9
  1110 | D:2      | Learned a level 3 spell: Confuse
  1167 | D:2      | Found an iron altar of Okawaru.
  1203 | D:2      | Became a worshipper of Warmaster Okawaru
  1656 | D:3      | Reached skill level 1 in Short Blades
  1720 | D:3      | Reached XP level 5. HP: 24/24 MP: 4/10
  2076 | D:3      | Learned a level 3 spell: Tukima's Dance
  2222 | D:3      | Found a faded altar to an unknown god.
  2477 | D:4      | Reached skill level 5 in Hexes
  2512 | D:4      | Noticed an ogre
  2533 | D:4      | Killed an ogre
  2533 | D:4      | Reached skill level 5 in Stealth
  2533 | D:4      | Gained mutation: You heal very quickly. [Vine Stalker growth]
  2533 | D:4      | Reached XP level 6. HP: 17/28 MP: 8/12
  2572 | D:4      | Found a shimmering altar of Xom.
  2782 | D:4      | Found a snail-covered altar of Cheibriados.
  2805 | D:4      | Found Tayfraet's Food Emporium.
  2928 | D:4      | Learned a level 3 spell: Dazzling Spray
  2967 | D:4      | Reached * piety under Okawaru
  2967 | D:4      | Reached XP level 7. HP: 32/32 MP: 3/13
  3035 | D:4      | Noticed an ogre
  3041 | D:4      | Killed an ogre
  3041 | D:4      | Reached skill level 6 in Hexes
  3264 | D:5      | Entered Level 5 of the Dungeon
  3382 | D:5      | Noticed Grinder
  3395 | D:5      | Killed Grinder
  3395 | D:5      | Reached ** piety under Okawaru
  3395 | D:5      | Gained mutation: You have razor-sharp teeth. [Vine Stalker growth]
  3395 | D:5      | Reached XP level 8. HP: 36/36 MP: 13/15
  3433 | D:5      | Found a staircase to the Ecumenical Temple.
  3475 | D:5      | Found a sparkling altar of Nemelex Xobeh.
  3530 | D:5      | Reached skill level 7 in Stealth
  3699 | D:5      | Noticed Dowan
  3700 | D:5      | Noticed Duvessa
  3708 | D:5      | Killed Dowan
  3708 | D:5      | Killed Duvessa
  3793 | D:5      | Reached *** piety under Okawaru
  3982 | D:5      | Found a shattered altar of Ashenzari.
  4285 | D:6      | Found a blossoming altar of Fedhas.
  4316 | D:6      | Reached skill level 5 in Spellcasting
  4407 | D:6      | Reached skill level 8 in Hexes
  4407 | D:6      | Reached XP level 9. HP: 33/39 MP: 10/17
  4569 | D:6      | Found a basalt altar of Yredelemnul.
  4832 | D:7      | Found an ancient bone altar of Kikubaaqudgha.
  5075 | D:7      | Found a white marble altar of Elyvilon.
  5387 | D:7      | Noticed Pikel
  5409 | D:7      | Killed Pikel
  5409 | D:7      | Reached **** piety under Okawaru
  5704 | D:8      | Noticed a centaur skeleton
  5712 | D:8      | Killed a centaur skeleton
  5712 | D:8      | Reached skill level 9 in Hexes
  5726 | D:8      | Learned a level 2 spell: Stoneskin
  5732 | D:8      | Learned a level 5 spell: Lee's Rapid Deconstruction
  5770 | D:8      | Reached skill level 5 in Short Blades
  5931 | D:8      | Found a deep blue altar of Sif Muna.
  5996 | D:8      | Noticed Joseph
  6137 | D:8      | Killed Joseph
  6137 | D:8      | Reached XP level 10. HP: 32/44 MP: 15/20
  6143 | D:8      | Noticed Erolcha
  6170 | D:8      | Killed Erolcha
  6170 | D:8      | Reached ***** piety under Okawaru
  6190 | D:8      | Found a glowing golden altar of the Shining One.
  6205 | D:8      | Reached skill level 10 in Hexes
  6599 | D:9      | Found a staircase to the Lair.
  6714 | D:9      | Found a bloodstained altar of Trog.
  7306 | D:10     | Entered Level 10 of the Dungeon
  7341 | D:10     | Noticed a manticore
  7366 | D:10     | Killed a manticore
  7366 | D:10     | Reached skill level 10 in Stealth
  7418 | D:10     | Noticed Burgietje's ghost (novice MiFi)
  7448 | D:10     | Killed Burgietje's ghost
  7448 | D:10     | Received a gift from Okawaru
  7484 | D:10     | Reached XP level 11. HP: 47/47 MP: 23/23
  7527 | D:10     | Noticed a deep elf knight
  7530 | D:10     | Noticed Eustachio
  7591 | D:10     | Noticed an orc knight
  7595 | D:10     | Noticed a wizard
  7605 | D:10     | Killed an orc knight
  7605 | D:10     | Reached skill level 11 in Hexes
  7628 | D:10     | Noticed a deep elf knight
  7635 | D:10     | Killed from afar by a deep elf knight

Vault maps used:
D:1:      denvon_arrival_planthouse, corexii_corridor_pit
D:2:      old_standard_altar, first_bread
D:3:      ecumenical_altar_2, minmay_misc_feat_tower
D:4:      lemuel_doored_altar, serial_shops, shop, led_xom_imps
D:5:      nicolae_overflow_crystal_walls, kennysheep_little_box,
          minmay_temple_entry_crystal_x, uniq_grinder, uniq_duvessa
D:6:      fedhas_altar_4, yredelemnul_altar_generic, hangedman_decor_riveting
D:7:      lemuel_round_altar, kiku_gazebo_garden_becter, uniq_pikel
D:8:      lemuel_crystal_altar, basic_altar, uniq_erolcha, uniq_joseph
D:9:      lightli_temple_of_fire, due_lair_maze_entry_diamond
D:10:     sword_in_stone

Action                   |  1- 3 |  4- 6 |  7- 9 | 10-12 || total
-------------------------+-------+-------+-------+-------++-------
Melee: Dagger            |    53 |   200 |   230 |   167 ||   650
 Cast: Ensorcelled Hiber |     5 |     5 |    10 |     3 ||    23
       Confuse           |       |    15 |    33 |    22 ||    70
       Tukima's Dance    |       |     2 |     4 |     8 ||    14
  Use: Scroll            |     4 |     3 |     3 |     2 ||    12
 Stab: Sleeping          |    10 |    23 |    25 |    12 ||    70
       Confused          |       |     5 |    29 |    21 ||    55
  Eat: Chunk             |     1 |     8 |    11 |     5 ||    25
